 Dungeon Crawl Stone Soup version 0.22-a0-467-g5c5de1c (webtiles) character file.

56 iamserjio the Sneak (level 3, -12/25 HPs)
             Began as an Octopode Assassin on June 10, 2018.
             Was an Initiate of Gozag.
             Blown up by Ijyb (13 damage)
             ... with a wand of disintegration (9)
             ... on level 3 of the Dungeon.
             The game lasted 00:07:33 (3135 turns).

iamserjio the Sneak (Octopode Assassin)             Turns: 3135, Time: 00:07:34

Health: -12/25     AC:  1    Str: 10    XL:     3   Next: 97%
Magic:  3/3        EV: 12    Int: 13    God:    Gozag
Gold:   297        SH:  3    Dex: 14    Spells: 2/2 levels left

rFire    . . .     SeeInvis .   p - +1 dagger (elec)
rCold    . . .     Gourm    .   j - +0 buckler
rNeg     . . .     Faith    .   (helmet restricted)
rPois    .         Spirit   .   (no amulet)
rElec    .         Reflect  .   (no ring)
rCorr    .         Harm     .   (no ring)
MR       .....                  (no ring)
Stlth    ++++......             (no ring)
HPRegen  0.08/turn              (no ring)
MPRegen  0.08/turn              (no ring)
                                (no ring)
                                (no ring)

@: no status effects
A: almost no armour, stealthy swim, amphibious, 8 rings, constrict 8, camouflage
1, gelatinous body 1
a: Potion Petition, Call Merchant, Bribe Branch, Renounce Religion


You were on level 3 of the Dungeon.
You worshipped Gozag.
Gozag was aware of your devotion.
You were not hungry.

You visited 2 branches of the dungeon, and saw 5 of its levels.

You collected 346 gold pieces.
You paid 49 gold pieces to Gozag.

Inventory:

Hand Weapons
 a - a +2 dagger
 b - a +0 blowgun
 m - a +0 short sword
 p - a +1 dagger of electrocution (weapon)
Missiles
 c - 8 poisoned needles
 d - 2 curare-tipped needles
Armour
 j - a +0 buckler (worn)
Jewellery
 u - an uncursed amulet of the gourmand {unknown}
Scrolls
 e - 2 scrolls of identify {unknown}
 h - 2 scrolls of enchant armour {unknown}
 k - a scroll of random uselessness {unknown}
 n - 2 scrolls of teleportation {unknown}
 q - a scroll of fog {unknown}
 s - 2 scrolls of remove curse {unknown}
Potions
 g - 2 potions of magic {unknown}
 i - a potion of agility {unknown}
 l - a potion of flight {unknown}
 o - 4 potions of curing {unknown}
 r - 2 potions of haste {unknown}
 t - a potion of heal wounds {unknown}
 v - 2 potions of lignification {unknown}
Comestibles
 f - 3 rations


   Skills:
 + Level 2.4 Fighting
 * Level 3.0 Short Blades
 - Level 2.0 Throwing
 + Level 1.9 Dodging
 + Level 5.8 Stealth


You had 2 spell levels left.
You didn't know any spells.
Your spell library was empty.

Dungeon Overview and Level Annotations

Branches:
Dungeon (4/15)             Temple (1/1) D:4

Altars:
Cheibriados
Dithmenos
Elyvilon
Gozag
Nemelex Xobeh
Okawaru
Qazlal
Ru
Sif Muna
Vehumet
Wu Jian
Yredelemnul
Zin

Annotations:
D:3 Avalon's ghost, weakling DEEE; Ijyb


Innate Abilities, Weirdness & Mutations

You cannot wear most types of armour.
You are very stealthy in the water. (Stealth+)
You are amphibious.
You can wear up to eight rings at the same time.
You can use your tentacles to constrict eight enemies at once.
Your skin changes colour to match your surroundings (Stealth+).
Your rubbery body absorbs attacks. (AC +1, EV +1)


Message History

You can't go down here!
Unknown command.
There is a stone staircase leading down here.
You eat one of the 3 rations.
That ration really hit the spot!
You climb downwards.
Level annotation: Avalon's ghost, weakling DEEE
There is a stone staircase leading up here.
f - 3 rations (gained 1)
u - a dented emerald amulet
v - 2 amethyst potions Ijyb the Twisted Goblin comes into view.
Ijyb is nearby!
Ijyb zaps a wand.
You are blasted!
It is a wand of disintegration (10).
Ijyb zaps a wand.
You are blasted!
Ouch! That really hurt!
* * * LOW HITPOINT WARNING * * *
There is a stone staircase leading up here.
Ijyb zaps a wand.
You are blasted!
Ouch! That really hurt!
You die...

#.##.....# .... ..# #..
#.##.....#####.####.# #.#
#.#####.............# #.# #.
########.###### #.# #.#...
#.# ###.#.##########.#
#.......#........#
#.#...#.#.######.#### ..
#.#..@#.#.# #....#
#####.##.#...#.#.# #.##.#
.............#.#.# #.##.#
..............#.######.##.#
.....#.......#.##........#
#.###..#####.###.##.####.###.
#.......g..g.# #.<#..........
#.###.#.###########.####.###.
...g.....................#


You could see Ijyb.

Vanquished Creatures
  An adder (D:3)
  A worm (D:2)
  A dart slug (D:1)
  A leopard gecko (D:1)
  4 bats
  3 giant cockroaches
  4 goblins
  4 hobgoblins
  4 jackals (D:2)
  6 kobolds
  A quokka (D:3)
  A ball python (D:2)
  3 frilled lizards
  6 rats
40 creatures vanquished.

Notes
Turn   | Place    | Note
-------+----------+-------------------------------------------
     0 | D:1      | iamserjio the Octopode Assassin began the quest for the Orb.
     0 | D:1      | Reached XP level 1. HP: 14/14 MP: 1/1
  1010 | D:2      | You fall through a shaft!
  1033 | D:3      | Reached XP level 2. HP: 19/19 MP: 2/2
  1075 | D:3      | Noticed Avalon's ghost (weakling DEEE)
  1201 | D:4      | Found a staircase to the Ecumenical Temple.
  1207 | Temple   | Entered the Ecumenical Temple
  1228 | Temple   | Became a worshipper of Gozag Ym Sagoz the Greedy
  1466 | D:3      | Found a deep blue altar of Sif Muna.
  1655 | D:1      | Reached XP level 3. HP: 12/24 MP: 3/3
  2340 | D:2      | Found a white marble altar of Elyvilon.
  2779 | D:2      | Found a basalt altar of Yredelemnul.
  3122 | D:3      | Noticed Ijyb
  3134 | D:3      | HP: 1/25 [disintegration (14)]
  3135 | D:3      | Blown up by Ijyb

Vault maps used:
D:1:      lightli_arrival_statuegarden
D:2:      nicolae_overflow_crystal_walls, lemuel_coloured_pillars_altar
D:3:      led_sif_book, uniq_ijyb
D:4:      temple_statues, first_ration, hangedman_abyss_or_decor_passed
Temple:   eino_narrow_crystal_temple

Skill      XL: |  1  2  3 |
---------------+----------+-----
Short Blades   | 3 |  3.0
Fighting       | |  2.4
Throwing       | |  2.0
Dodging        | |  1.9
Stealth        | |  5.8

Action                   || total
-------------------------++-------
Melee: Dagger            ||    64
       Constrict         ||    13
       Tentacles         ||     9
 Fire: Blowgun           ||     2
 Stab: Sleeping          ||    23
  Eat: Chunk             ||     1
       Ration            ||     2
Armor: Skin              ||     7
Dodge: Dodged            ||    30
Block: Buckler           ||     6

Table legend:
 A = Spawn XP
 B = Non-spawn XP
 C = Spawn XP percentage of total XP
 D = Spawn monster count
 E = Non-spawn monster count
 F = Spawn count percentage of total count
 G = Total turns spent on level
                    A         B        C        D         E        F      G
               +---------+---------+-------+---------+---------+-------+---------
         Total |       0 |      81 |   0.0 |       0 |      40 |   0.0 |  3135
               +---------+---------+-------+---------+---------+-------+---------
           D:1 |       0 |      35 |   0.0 |       0 |      21 |   0.0 |  1000
           D:2 |       0 |      21 |   0.0 |       0 |      11 |   0.0 |  1500
           D:3 |       0 |      25 |   0.0 |       0 |       8 |   0.0 |   480
               +---------+---------+-------+---------+---------+-------+---------
